Workbook

Sheet Data
B1: Current | C1: Option 1 | D1: Option 2
A2: Sales number of units | B2: 50000 | C2: =B2*80% -> 40000 | D2: =B2 -> 50000
A3: Selling Price per unit | B3: 2 | C3: 2.5 | D3: =B3 -> 2
A5: Direct Components | B5: 20000 | C5: =C12*$C$2 -> 24000 | D5: =D12*$D$2 -> 15000
A6: Direct Labour | B6: 35000 | C6: =C13*$C$2 -> 22000 | D6: 36000
A7: Variable Overheads | B7: 17500 | C7: =C14*$C$2 -> 14000 | D7: =D2*D14 -> 17500
A8: Total Variable Costs | B8: =SUM(B5:B7) -> 72500 | C8: =SUM(C5:C7) -> 60000 | D8: =SUM(D5:D7) -> 68500
A10: Fixed Overheads | B10: 10000 | C10: =B10+1250 -> 11250 | D10: =B10 -> 10000
A12: Direct Components per unit | B12: =B5/$B$2 -> 0.4 | C12: 0.6 | D12: =B12-0.1 -> 0.3
A13: Direct Labour per unit | B13: =B6/$B$2 -> 0.7 | C13: 0.55 | D13: =D6/$D$2 -> 0.72
A14: Variable Overheads per unit | B14: =B7/$B$2 -> 0.35 | C14: =B14 -> 0.35 | D14: =B14 -> 0.35
A15: Total Variable Costs per unit | B15: =SUM(B12:B14) -> 1.45 | C15: =SUM(C12:C14) -> 1.5 | D15: =SUM(D12:D14) -> 1.37

Sheet Income Statement
A1: Forecast Income Statement for Magorian Plc for the year ending February 2019
A3: Revenue | B3: =Data!B2*Data!B3 -> 100000 | C3: =Data!C2*Data!C3 -> 100000 | D3: =Data!D2*Data!D3 -> 100000
A4: Less Variable Costs | B4: =Data!B8 -> 72500 | C4: =Data!C8 -> 60000 | D4: =Data!D8 -> 68500
A5: Contribution | B5: =B3-B4 -> 27500 | C5: =C3-C4 -> 40000 | D5: =D3-D4 -> 31500
A6: Less Fixed Costs | B6: =Data!B10 -> 10000 | C6: =Data!C10 -> 11250 | D6: =Data!D10 -> 10000
A7: Profit for the Month | B7: =B5-B6 -> 17500 | C7: =C5-C6 -> 28750 | D7: =D5-D6 -> 21500
B8: 592000
A9: Contribution per unit | B9: =B5/Data!B2 -> 0.55 | C9: =C5/Data!C2 -> 1 | D9: =D5/Data!D2 -> 0.63
A10: BEP units | B10: =ROUNDUP(Data!B10/B9,0) -> 18182 | C10: =ROUNDUP(Data!C10/C9,0) -> 11250 | D10: =ROUNDUP(Data!D10/D9,0) -> 15874
A11: BEP sales revenue | B11: =B10*Data!B3 -> 36364 | C11: =C10*Data!C3 -> 28125 | D11: =D10*Data!D3 -> 31748
A12: Margin of Safety units | B12: =Data!B2-B10 -> 31818 | C12: =Data!C2-C10 -> 28750 | D12: =Data!D2-D10 -> 34126
A13: Margin of Safety sales revenue | B13: =B12*Data!B3 -> 63636 | C13: =C12*Data!C3 -> 71875 | D13: =D12*Data!D3 -> 68252
B15: Current | C15: Option 1 | D15: Option 2
A16: Current Profit for the Month | B16: =$B$7 -> 17500 | C16: =$B$7 -> 17500 | D16: =$B$7 -> 17500
A17: New Profit for the Month | C17: =C7 -> 28750 | D17: =D7 -> 21500
A18: Increase/Decrease | C18: =C17-C16 -> 11250 | D18: =D17-D16 -> 4000
A20: Option 1 would be chosen as profit increases by £11,250.

Sheet Breakeven Chart
A1: Output | B1: Variable Costs | C1: Fixed Costs | D1: Total Costs | E1: Total Revenue | F1: Profit/(Loss)
A2: 0 | B2: =A2*Data!$B$15 -> 0 | C2: =Data!$B$10 -> 10000 | D2: =B2+C2 -> 10000 | E2: =A2*Data!$B$3 -> 0 | F2: =E2-D2 -> -10000
A3: 5000 | B3: =A3*Data!$B$15 -> 7250 | C3: =Data!$B$10 -> 10000 | D3: =B3+C3 -> 17250 | E3: =A3*Data!$B$3 -> 10000 | F3: =E3-D3 -> -7250
A4: 10000 | B4: =A4*Data!$B$15 -> 14500 | C4: =Data!$B$10 -> 10000 | D4: =B4+C4 -> 24500 | E4: =A4*Data!$B$3 -> 20000 | F4: =E4-D4 -> -4500
A5: 15000 | B5: =A5*Data!$B$15 -> 21750 | C5: =Data!$B$10 -> 10000 | D5: =B5+C5 -> 31750 | E5: =A5*Data!$B$3 -> 30000 | F5: =E5-D5 -> -1750
A6: 20000 | B6: =A6*Data!$B$15 -> 29000 | C6: =Data!$B$10 -> 10000 | D6: =B6+C6 -> 39000 | E6: =A6*Data!$B$3 -> 40000 | F6: =E6-D6 -> 1000
A7: 25000 | B7: =A7*Data!$B$15 -> 36250 | C7: =Data!$B$10 -> 10000 | D7: =B7+C7 -> 46250 | E7: =A7*Data!$B$3 -> 50000 | F7: =E7-D7 -> 3750
A8: 30000 | B8: =A8*Data!$B$15 -> 43500 | C8: =Data!$B$10 -> 10000 | D8: =B8+C8 -> 53500 | E8: =A8*Data!$B$3 -> 60000 | F8: =E8-D8 -> 6500
A9: 35000 | B9: =A9*Data!$B$15 -> 50750 | C9: =Data!$B$10 -> 10000 | D9: =B9+C9 -> 60750 | E9: =A9*Data!$B$3 -> 70000 | F9: =E9-D9 -> 9250
A10: 40000 | B10: =A10*Data!$B$15 -> 58000 | C10: =Data!$B$10 -> 10000 | D10: =B10+C10 -> 68000 | E10: =A10*Data!$B$3 -> 80000 | F10: =E10-D10 -> 12000
A11: 45000 | B11: =A11*Data!$B$15 -> 65250 | C11: =Data!$B$10 -> 10000 | D11: =B11+C11 -> 75250 | E11: =A11*Data!$B$3 -> 90000 | F11: =E11-D11 -> 14750
A12: 50000 | B12: =A12*Data!$B$15 -> 72500 | C12: =Data!$B$10 -> 10000 | D12: =B12+C12 -> 82500 | E12: =A12*Data!$B$3 -> 100000 | F12: =E12-D12 -> 17500
A13: 55000 | B13: =A13*Data!$B$15 -> 79750 | C13: =Data!$B$10 -> 10000 | D13: =B13+C13 -> 89750 | E13: =A13*Data!$B$3 -> 110000 | F13: =E13-D13 -> 20250
A14: 60000 | B14: =A14*Data!$B$15 -> 87000 | C14: =Data!$B$10 -> 10000 | D14: =B14+C14 -> 97000 | E14: =A14*Data!$B$3 -> 120000 | F14: =E14-D14 -> 23000
